 Dungeon Crawl Stone Soup version 0.22-a0-422-g9628fc87f1 (webtiles) character file.

52 Cecky the Firebug (level 3, -3/28 HPs)
             Began as a Draconian Fire Elementalist on May 11, 2018.
             Slain by Crazy Yiuf
             ... wielding a +2 quarterstaff of chaos
              (6 damage)
             ... on level 3 of the Dungeon on May 19, 2018.
             The game lasted 00:08:30 (1775 turns).

Cecky the Firebug (Draconian Fire Elementalist)     Turns: 1775, Time: 00:08:31

Health: -3/28      AC:  6    Str: 10    XL:     3   Next: 60%
Magic:  6/6        EV: 12    Int: 16    God:
Gold:   120        SH:  0    Dex: 11    Spells: 3/6 levels left

rFire    . . .     SeeInvis .   l - +0 dagger
rCold    . . .     Gourm    .   (no shield)
rNeg     . . .     Faith    .   (armour unavailable)
rPois    .         Spirit   .   (helmet restricted)
rElec    .         Reflect  .   (no cloak)
rCorr    .         Harm     .   c - +0 pair of gloves
MR       .....                  (no boots)
Stlth    ++........             (no amulet)
HPRegen  0.09/turn              (no ring)
MPRegen  0.10/turn              (no ring)

@: no status effects
A: unfitting armour, cold-blooded, AC +5
a: no special abilities


You were on level 3 of the Dungeon.
You were not hungry.

You visited 1 branch of the dungeon, and saw 3 of its levels.

You collected 120 gold pieces.

Inventory:

Hand Weapons
 l - a +0 dagger (weapon)
Missiles
 d - 3 tomahawks of returning (quivered)
Armour
 c - a +0 pair of gloves (worn)
Jewellery
 h - an uncursed ring of positive energy {unknown}
 i - an uncursed amulet of regeneration {unknown}
 k - an uncursed ring of ice {unknown}
 o - an uncursed ring of flight {unknown}
Scrolls
 e - a scroll of fear
 f - a scroll of remove curse {unknown}
 m - a scroll of fog {unknown}
 q - a scroll of teleportation {unknown}
 r - a scroll of magic mapping {unknown}
 s - a scroll of amnesia {unknown}
 u - a scroll of identify {unknown}
Potions
 a - a potion of resistance {unknown}
 g - a potion of mutation {unknown}
 j - 2 potions of agility {unknown}
 n - a potion of might {unknown}
 p - 5 potions of flight {unknown}
 t - a potion of curing
 v - a potion of heal wounds {unknown}
 w - a potion of degeneration {unknown}
Comestibles
 b - 5 rations


   Skills:
 * Level 1.3 Fighting
 - Level 1.7 Dodging
 - Level 1.7 Stealth
 - Level 2.0 Spellcasting
 + Level 1.3 Conjurations
 + Level 4.2 Fire Magic


You had 3 spell levels left.
You knew the following spells:

 Your Spells              Type           Power        Failure   Level  Hunger
a - Flame Tongue          Conj/Fire      ##...        7%          1    #......
b - Throw Flame           Conj/Fire      ##....       10%         2    ###....

Your spell library contained the following spells:

 Spells                   Type           Power        Failure   Level  Hunger
 Fireball                 Conj/Fire      ##........   88%         5    ######.
 Conjure Flame            Conj/Fire      ##......     21%         3    ###....
 Sticky Flame             Conj/Fire      ##......     54%         4    #####..
 Inner Flame              Hex/Fire       #.......     26%         3    ###....


Dungeon Overview and Level Annotations

Branches:
Dungeon (3/15)

Altars:
Dithmenos
Elyvilon
Xom

Annotations:
D:3 Crazy Yiuf


Innate Abilities, Weirdness & Mutations

Your plain brown scales are hard. (AC +5)
You cannot fit into any form of body armour.
You are cold-blooded and may be slowed by cold attacks.


Message History

Crazy Yiuf laughs, "Aardvark!"
Crazy Yiuf whimpers, "Seed head sing-song!"
All of the chunks of flesh in your inventory have rotted away.
As you read the scroll labeled ULAEWA FOTA, it crumbles to dust.
You assume a fearsome visage.
Crazy Yiuf looks frightened!
It was a scroll of fear.
Casting: Flame Tongue (safe; 7% risk of failure)
Confirm with . or Enter, or press ? or * to list all spells.
Aiming: Flame Tongue (safe; 7% risk of failure)
Press: ? - help, Shift-Dir - straight line, f/p - Crazy Yiuf
Aim: Crazy Yiuf, wielding a quarterstaff of chaos and wearing a cloak (fleeing)
The flame tongue hits Crazy Yiuf.
Crazy Yiuf is moderately wounded.
Your attack snaps Crazy Yiuf out of his fear.
Crazy Yiuf hits you but does no damage.
You are electrocuted!
Ouch! That really hurt!
* * * LOW HITPOINT WARNING * * *
Crazy Yiuf yells, "Cholesterol rumpyflump ena!"
Crazy Yiuf hits you with a quarterstaff of chaos.
You die...

#........# #.##+#
#.##.##..# #.#...
#.#...#..#
...8.#####.8.+..#
#....# #....#..#
#...###...##..#
#######^...#....#...###
#.....##.......##.....#
#......#.<@8.>.#......#
#.....##.g.....##.....#
#.....#....#....#.....#
#....##...###...##.####
#....#....#.#....#.#
#......8.##.##.8.'.#
#....#...#..##.).###
#....##'##..###'##>#
#...........#...##.#


You could see Crazy Yiuf.

Vanquished Creatures
  An adder (D:2)
  3 dart slugs
  2 giant cockroaches (D:1)
  8 goblins
  7 hobgoblins
  7 bats
  2 frilled lizards
  3 kobolds
  5 rats
  2 fungi (D:3)
40 creatures vanquished.

Notes
Turn   | Place    | Note
-------+----------+-------------------------------------------
     0 | D:1      | Cecky the Draconian Fire Elementalist began the quest for the Orb.
     0 | D:1      | Reached XP level 1. HP: 14/14 MP: 3/3
   298 | D:1      | Reached XP level 2. HP: 22/22 MP: 3/5
   535 | D:1      | Reached skill level 1 in Fighting
   801 | D:2      | Upgraded the game from 0.22-a0-409-gb855193d78 to 0.22-a0-422-g9628fc87f1
   830 | D:2      | Learned a level 2 spell: Throw Flame
   904 | D:2      | Found a shimmering altar of Xom.
   908 | D:2      | Reached skill level 4 in Fire Magic
   908 | D:2      | Reached XP level 3. HP: 26/28 MP: 4/6
  1185 | D:2      | Found a white marble altar of Elyvilon.
  1470 | D:3      | Found a shadowy altar of Dithmenos.
  1715 | D:3      | Found a runed door.
  1719 | D:3      | Noticed Crazy Yiuf
  1775 | D:3      | Slain by Crazy Yiuf

Vault maps used:
D:1:      nicolae_arrival_washed_ashore
D:2:      elyvilon_altar_3, xom_teletrap_fun
D:3:      dancing_weapons_uskayaw, grunt_dithmenos_smoke, grunt_ministairs_13,
          uniq_crazy_yiuf_cottage

Skill      XL: |  1  2 |
---------------+-------+-----
Fighting       | 1 |  1.3
Fire Magic     | 4 |  4.2
Dodging        | |  1.7
Stealth        | |  1.7
Spellcasting   | |  2.0
Conjurations   | |  1.3

Action                   || total
-------------------------++-------
Melee: Unarmed           ||    32
       Dagger            ||   102
       Tailslap          ||    14
 Cast: Flame Tongue      ||    39
       Throw Flame       ||     2
  Use: Scroll            ||     1
 Stab: Sleeping          ||     4
  Eat: Chunk             ||     4
Armor: Skin              ||    35
Dodge: Dodged            ||    74

Table legend:
 A = Spawn XP
 B = Non-spawn XP
 C = Spawn XP percentage of total XP
 D = Spawn monster count
 E = Non-spawn monster count
 F = Spawn count percentage of total count
 G = Total turns spent on level
                    A         B        C        D         E        F      G
               +---------+---------+-------+---------+---------+-------+---------
         Total |       0 |      75 |   0.0 |       0 |      38 |   0.0 |  1775
               +---------+---------+-------+---------+---------+-------+---------
           D:1 |       0 |      35 |   0.0 |       0 |      21 |   0.0 |   772
           D:2 |       0 |      31 |   0.0 |       0 |      12 |   0.0 |   692
           D:3 |       0 |       9 |   0.0 |       0 |       5 |   0.0 |   311
               +---------+---------+-------+---------+---------+-------+---------
